Map: 幽暗之塔

Players

FWHas (Has) - Winner!

  • Race: Protoss Protoss
  • League: Master

Nice

  • Race: Protoss Protoss
  • League: Grandmaster

Event: 2016 WCS Winter Challenger Taiwan

VOD

Have the link to the VOD?

Description

Time

  • Played on: Jan. 8, 2016, 4:59 a.m.
  • Length: 15:02

All games in this series

Show
View Real Time Build Order
Export as new Build Order

FWHas Protoss - Winner!

Build Orders: 1 Gate Expand, Dark Templar Rush 

Get SALT Encoding   

  12  0:01  Probe (Chrono Boost)  
  13  0:11  Probe (Chrono Boost)  
  14  0:18  Pylon  
  14  0:22  Probe (Chrono Boost)  
  15  0:36  Probe (Chrono Boost)  
  15  0:37  Gateway  
  16  0:47  Probe (Chrono Boost)  
  16  0:48  Assimilator  
  17  0:57  Probe (Chrono Boost)  
  18  1:17  Nexus  
  18  1:20  Probe (Chrono Boost)  
  19  1:31  Cybernetics Core  
  19  1:35  Probe (Chrono Boost)  
  20  1:46  Probe (Chrono Boost), Assimilator  
  21  1:55  Pylon  
  21  1:56  Probe (Chrono Boost)  
  22  2:07  Probe (Chrono Boost), Warp Gate  
  23  2:13  Adept (Chrono Boost)  
  25  2:18  Probe  
  25  2:20  Pylon  
  26  2:30  Probe x2  
  28  2:40  Twilight Council  
  28  2:42  Probe x2 (Chrono Boost)  
  30  2:50  Stalker  
  32  2:54  Probe (Chrono Boost)  
  32  2:56  Probe (Chrono Boost)  
  34  3:05  Probe (Chrono Boost)  
  35  3:07  Probe (Chrono Boost)  
  36  3:15  Probe (Chrono Boost)  
  36  3:17  Probe (Chrono Boost)  
  36  3:19  Dark Shrine  
  38  3:26  Probe (Chrono Boost)  
  39  3:28  Probe (Chrono Boost)  
  39  3:31  Stalker, Pylon  
  40  3:36  Probe (Chrono Boost)  
  40  3:39  Probe (Chrono Boost)  
  40  3:40  Pylon  
  42  3:41  Assimilator  
  42  3:42  Assimilator  
  44  3:48  Mothership Core (Chrono Boost)  
  44  3:49  Pylon  
  44  3:50  Probe (Chrono Boost)  
  45  3:56  Gateway  
  45  4:00  Probe (Chrono Boost)  
  46  4:07  Probe (Chrono Boost)  
  46  4:08  Robotics Facility  
  47  4:11  Probe (Chrono Boost)  
  48  4:17  Probe (Chrono Boost), Blink (Chrono Boost)  
  48  4:22  Probe (Chrono Boost)  
  48  4:24  Pylon  
  50  4:28  Probe (Chrono Boost)  
  51  4:31  Probe (Chrono Boost)  
  52  4:41  Forge  
  52  4:46  Gateway  
  52  4:48  Gateway  
  52  4:51  Dark Templar x2  
  56  4:53  Observer (Chrono Boost)  
  57  5:03  Pylon  
  57  5:21  Probe x2  
  59  5:29  Nexus  
  59  5:31  Pylon  
  59  5:33  Probe  
  59  5:34  Probe  
  61  5:37  Stalker  
  61  5:38  Stalker  
  65  5:46  Probe x2  
  67  5:57  Warp Prism, Protoss Ground Weapons Level 1 (Chrono Boost)  
  65  5:58  Probe x2  
  65  5:59  Robotics Bay  
  67  6:09  Stalker x4  
  67  6:10  Probe x2  
  77  6:17  Photon Cannon  
  77  6:22  Probe x2 (Chrono Boost)  
  79  6:33  Gateway  
  79  6:34  Stalker x3  
  85  6:42  Probe x2 (Chrono Boost)  
  85  6:45  Probe (Chrono Boost)  
  86  6:52  Probe (Chrono Boost)  
  86  6:53  Probe (Chrono Boost)  
  86  6:57  Probe (Chrono Boost)  
  86  6:59  Dark Templar  
  87  7:01  Disruptor (Chrono Boost)  
  87  7:02  Assimilator x2  
  87  7:03  Probe x2 (Chrono Boost)  
  87  7:08  Gateway  
  92  7:12  Pylon, Sentry x2  
  92  7:14  Pylon  
  92  7:15  Pylon  
  93  7:25  Stalker  
  92  7:33  Pylon  
  92  7:35  Probe, Pylon  
  92  7:37  Stalker  
  92  7:38  Stalker x2  
  92  7:39  Disruptor (Chrono Boost)  
  93  7:52  Protoss Ground Weapons Level 2 (Chrono Boost)  
  93  8:03  Stalker x4  
  101  8:08  Robotics Facility  
  101  8:09  Pylon  
  101  8:10  Pylon  
  101  8:13  Photon Cannon, Gateway  
  101  8:14  Photon Cannon, Gateway  
  101  8:15  Gateway  
  101  8:38  Stalker  
  101  8:39  Stalker x5  
  107  9:02  Stalker  
  107  9:03  Stalker x5  
  107  9:04  Probe  
  107  9:06  Probe  
  116  9:10  Probe  
  116  9:11  Observer (Chrono Boost)  
  116  9:15  Probe  
  118  9:18  Probe  
  118  9:21  Probe  
  114  9:25  Probe  
  114  9:29  Disruptor (Chrono Boost)  
  114  9:30  Probe  
  116  9:37  Disruptor (Chrono Boost)  
  119  9:38  Adept x3  
  119  9:39  Adept x2  
  119  9:44  Probe  
  130  9:52  Photon Cannon  
  130  10:01  Disruptor (Chrono Boost)  
  133  10:09  Disruptor (Chrono Boost)  
  133  10:10  Nexus  
  136  10:15  Protoss Ground Weapons Level 3  
  136  10:24  Probe x2  
  138  10:34  Disruptor (Chrono Boost)  
  127  10:36  Stalker  
  127  10:37  Stalker x3  
  127  10:40  Disruptor (Chrono Boost)  
  127  10:41  Pylon  
  133  11:00  Stalker x5  
  143  11:05  Disruptor (Chrono Boost)  
  146  11:14  Disruptor (Chrono Boost)  
  149  11:20  Probe x2, Photon Cannon  
  149  11:21  Probe  
  149  11:22  Photon Cannon  
  126  11:52  Stalker x2  
  126  11:53  Stalker x7  
  109  12:16  Observer x2 (Chrono Boost)  
  106  12:30  Stalker  
  106  12:31  Stalker x7  
  102  12:47  Stalker  
  102  12:51  Disruptor x2 (Chrono Boost)  
  100  13:07  Stalker x2  
  100  13:08  Stalker  
  106  13:13  Nexus  
  103  13:22  Disruptor (Chrono Boost)  
  105  13:27  Stalker  
  105  13:28  Stalker x4  
  115  13:35  Stalker x2  
  119  13:42  Disruptor (Chrono Boost)  
  122  14:08  Disruptor (Chrono Boost)  
  121  14:33  Stalker  
  121  14:34  Stalker x7  
Show
View Real Time Build Order
Export as new Build Order

Nice Protoss 

Build Orders: 1 Gate Expand 

Get SALT Encoding   

  12  0:01  Probe (Chrono Boost)  
  13  0:11  Probe (Chrono Boost)  
  14  0:18  Pylon  
  14  0:22  Probe (Chrono Boost)  
  15  0:36  Gateway  
  15  0:37  Probe (Chrono Boost)  
  15  0:41  Assimilator  
  16  0:47  Probe (Chrono Boost)  
  17  0:58  Probe (Chrono Boost)  
  18  1:08  Probe (Chrono Boost)  
  19  1:18  Nexus  
  19  1:27  Cybernetics Core  
  19  1:30  Probe (Chrono Boost)  
  20  1:35  Assimilator  
  20  1:41  Probe (Chrono Boost)  
  20  1:45  Pylon  
  21  1:51  Probe (Chrono Boost)  
  22  2:02  Probe (Chrono Boost)  
  22  2:04  Adept (Chrono Boost), Warp Gate (Chrono Boost)  
  26  2:16  Mothership Core  
  26  2:21  Pylon  
  27  2:28  Adept (Chrono Boost)  
  29  2:31  Probe  
  30  2:37  Probe  
  30  2:43  Probe  
  31  2:48  Stalker (Chrono Boost)  
  34  2:54  Robotics Facility  
  34  2:55  Probe  
  35  3:01  Probe  
  36  3:07  Probe  
  37  3:14  Probe  
  37  3:16  Stalker  
  39  3:20  Probe  
  41  3:28  Probe  
  41  3:32  Probe (Chrono Boost)  
  41  3:34  Twilight Council  
  42  3:45  Observer, Gateway  
  42  3:46  Gateway  
  45  3:48  Probe x2 (Chrono Boost)  
  45  3:59  Probe x2 (Chrono Boost)  
  47  4:09  Probe (Chrono Boost)  
  48  4:10  Nexus  
  48  4:14  Pylon  
  48  4:15  Blink (Chrono Boost)  
  48  4:16  Probe (Chrono Boost)  
  49  4:20  Probe (Chrono Boost)  
  50  4:25  Probe (Chrono Boost)  
  50  4:30  Probe  
  52  4:38  Probe, Immortal (Chrono Boost)  
  56  4:44  Probe  
  58  4:46  Forge  
  58  4:48  Assimilator  
  58  4:50  Probe  
  58  4:52  Assimilator  
  59  4:57  Probe, Pylon  
  60  5:02  Probe  
  60  5:03  Gateway  
  61  5:16  Immortal (Chrono Boost)  
  61  5:17  Probe x2  
  62  5:29  Probe  
  60  5:37  Stalker  
  60  5:38  Stalker  
  64  5:58  Photon Cannon  
  64  6:01  Probe x2  
  64  6:04  Pylon  
  64  6:08  Observer (Chrono Boost)  
  65  6:12  Pylon  
  65  6:14  Sentry x3  
  71  6:19  Probe  
  71  6:20  Probe x2  
  74  6:28  Warp Prism (Chrono Boost)  
  74  6:29  Probe  
  77  6:34  Photon Cannon  
  77  6:35  Probe  
  78  6:42  Stalker, Sentry  
  78  6:58  Stalker x2  
  78  7:00  Probe (Chrono Boost), Photon Cannon  
  80  7:01  Observer (Chrono Boost)  
  80  7:06  Probe (Chrono Boost)  
  80  7:07  Probe (Chrono Boost), Dark Shrine  
  83  7:12  Probe (Chrono Boost)  
  84  7:18  Probe x2 (Chrono Boost)  
  87  7:23  Probe (Chrono Boost)  
  87  7:25  Stalker  
  87  7:26  Stalker  
  87  7:28  Probe (Chrono Boost)  
  89  7:35  Observer (Chrono Boost)  
  89  7:36  Probe  
  86  7:37  Probe  
  83  7:44  Probe, Stalker  
  83  7:45  Stalker  
  83  7:47  Probe  
  83  7:48  Gateway  
  83  7:50  Probe  
  90  7:54  Mothership Core  
  90  7:55  Pylon  
  92  8:00  Probe  
  92  8:04  Pylon  
  92  8:05  Robotics Bay  
  93  8:08  Pylon  
  93  8:13  Probe  
  93  8:14  Immortal (Chrono Boost)  
  93  8:15  Probe  
  93  8:16  Probe  
  100  8:22  Dark Templar  
  100  8:24  Pylon  
  100  8:25  Dark Templar, Assimilator  
  104  8:27  Zealot  
  106  8:41  Gateway  
  106  8:44  Gateway x2  
  106  8:47  Gateway  
  106  8:51  Assimilator  
  106  8:53  Dark Templar  
  106  8:54  Dark Templar, Zealot x2  
  110  9:07  Disruptor (Chrono Boost)  
  105  9:34  Robotics Facility  
  105  9:37  Disruptor (Chrono Boost)  
  106  9:43  Stalker x4  
  106  9:44  Stalker x2, Nexus  
  118  9:46  Pylon x2  
  118  9:49  Assimilator  
  118  9:50  Photon Cannon  
  118  9:52  Protoss Ground Weapons Level 1 (Chrono Boost)  
  117  9:58  Pylon  
  117  10:02  Pylon  
  117  10:07  Assimilator  
  117  10:10  Photon Cannon  
  117  10:13  Stalker x2  
  117  10:14  Stalker x2  
  124  10:24  Dark Templar  
  123  10:29  Warp Prism  
  123  10:32  Disruptor  
  126  10:54  Dark Templar x3  
  122  10:59  Archon  
  122  11:11  Stalker x5  
  120  11:12  Stalker  
  130  11:19  Disruptor  
  111  11:37  Stalker x3  
  105  11:44  Stalker x2  
  105  11:45  Stalker x3  
  96  11:55  Stalker  
  96  12:00  Disruptor (Chrono Boost)  
  94  12:03  Disruptor (Chrono Boost)  
  88  12:15  Stalker x3  
  82  12:16  Stalker  
  82  12:18  Zealot x5  
  69  12:35  Disruptor (Chrono Boost)  
  66  12:50  Stalker x3  
  66  12:51  Stalker x4  
  75  12:59  Stalker x2  
  77  13:07  Pylon  
  77  13:08  Probe  
  77  13:09  Probe x3  
  77  13:11  Disruptor (Chrono Boost)  
  82  13:21  Probe  
  82  13:23  Pylon, Disruptor (Chrono Boost)  
  82  13:26  Stalker  
  86  13:27  Stalker  
  86  13:31  Probe, Photon Cannon  
  89  13:40  Pylon  
  88  13:42  Warp Prism (Chrono Boost)  
  88  13:44  Stalker x3  
  88  13:45  Stalker  
  92  14:06  Disruptor (Chrono Boost)  
  92  14:09  Dark Templar  
  81  14:22  Stalker x3  
  76  14:24  Stalker x2  
Tags
 
Add a new tag
Caveats
  • Supply blocks, unpowered buildings, or Contaminate may cause inaccurate times.
  • Supply counts are checked every 10 seconds.